 Dungeon Crawl Stone Soup version 0.25.0-46-gbd7b0854d2 (webtiles) character file.

Game seed: 3145274721410004697

6685 Gwenloh the Summoner (level 11, -2/64 HPs)
             Began as a Tengu Summoner on July 12, 2020.
             Was a Priest of Elyvilon.
             Slain by a troll (9 damage)
             ... on level 10 of the Dungeon.
             The game lasted 01:07:19 (14774 turns).

Gwenloh the Summoner (Tengu Summoner)              Turns: 14774, Time: 01:07:20

Health: -2/64      AC: 12    Str: 10    XL:     11   Next: 3%
Magic:  17/20      EV: 14    Int: 22    God:    Elyvilon [***...]
Gold:   54         SH:  0    Dex: 14    Spells: 4/21 levels left

rFire    + . .     SeeInvis .   a - +0 trident (flame)
rCold    + . .     Gourm    .   (no shield)
rNeg     . . .     Faith    .   G - +2 ring mail {rPois}
rPois    +         Spirit   .   (helmet restricted)
rElec    .         Reflect  .   c - +1 cloak
rCorr    .         Harm     .   O - +0 pair of gloves
MR       .....                  (boots unavailable)
Stlth    +.........             J - amulet "Jor Ulen" {Acrobat +Blink Int+4}
HPRegen  0.20/turn              m - ring of protection from fire
MPRegen  0.17/turn              F - ring of protection from cold

@: no status effects
A: beak, talons 3, able to fly
a: Fly, Lesser Healing, Heal Other, Purification, Divine Protection, Renounce
Religion, Evoke Blink


You were on level 10 of the Dungeon.
You worshipped Elyvilon.
Elyvilon was most pleased with you.
You were not hungry.

You visited 1 branch of the dungeon, and saw 10 of its levels.
You also visited: Sewer.

You collected 472 gold pieces.
You spent 418 gold pieces at shops.

Inventory:

Hand Weapons
 a - a +0 trident of flaming (weapon)
Missiles
 f - a throwing net
 i - 8 javelins
 k - 2 curare-tipped darts
 l - 13 boomerangs (quivered)
Armour
 c - a +1 cloak (worn)
 G - a +2 ring mail of poison resistance (worn)
 O - a +0 pair of gloves (worn)
Jewellery
 b - a cursed ring of attention {unknown}
 m - a ring of protection from fire (left hand)
 F - a ring of protection from cold (right hand)
 J - the amulet "Jor Ulen" (around neck) {Acrobat +Blink Int+4}
   (You found it on level 7 of the Dungeon)

   [amulet of the acrobat]

   It helps you evade while moving and waiting.
   It affects your intelligence (+4).
   It lets you blink.
Wands
 x - a wand of disintegration (11)
 z - a wand of flame (7)
 A - a wand of paralysis (12)
Scrolls
 d - a scroll of blinking {unknown}
 e - a scroll of noise {unknown}
 h - a scroll of magic mapping
 p - a scroll of amnesia {unknown}
 t - 5 scrolls of teleportation
 y - a scroll of fog
 H - 3 scrolls of remove curse
 I - a scroll of silence
 M - a scroll of random uselessness {unknown}
Potions
 g - 3 potions of cancellation
 j - 5 potions of curing
 n - 7 potions of flight {unknown}
 o - a potion of resistance
 s - 2 potions of lignification {unknown}
 u - a potion of degeneration {unknown}
 v - 2 potions of berserk rage
 w - 2 potions of haste {unknown}
 K - a potion of stabbing {unknown}
 N - a potion of heal wounds
Comestibles
 q - a chunk of flesh
 E - 5 rations


   Skills:
 + Level 5.6 Fighting
 + Level 5.7 Polearms
 * Level 8.0 Armour
 + Level 6.6 Dodging
 - Level 2.0 Stealth
 + Level 5.5 Spellcasting
 * Level 10.8 Summonings
 + Level 1.0 Ice Magic
 - Level 5.5 Air Magic


You had 4 spell levels left.
You knew the following spells:

 Your Spells              Type           Power        Failure   Level  Hunger
a - Summon Small Mammal   Summ           ####         1%          1    None
b - Call Canine Familiar  Summ           ######..     1%          3    ##.....
c - Summon Lightning Spi  Summ/Air       #####...     8%          4    ####...
d - Summon Ice Beast      Ice/Summ       ####....     19%         4    ####...
e - Summon Guardian Gole  Hex/Summ       ####....     7%          3    ##.....
f - Call Imp              Summ           ######..     1%          2    None

Your spell library contained the following spells:

 Spells                   Type           Power        Failure   Level  Hunger
 Infusion                 Chrm           #...         22%         1    None
 Magic Dart               Conj           #...         22%         1    None
 Mephitic Cloud           Conj/Pois/Air  ##......     30%         3    ##.....
 Blink                    Tloc           N/A          32%         2    None
 Shroud of Golubria       Chrm/Tloc      #.....       32%         2    None
 Slow                     Hex            #.......     32%         2    None
 Song of Slaying          Chrm           #.......     32%         2    None
 Ozocubu's Armour         Chrm/Ice       #.......     45%         3    ##.....
 Confusing Touch          Hex            #.......     54%         3    ##.....
 Conjure Flame            Conj/Fire      #.......     54%         3    ##.....
 Gell's Gravitas          Tloc           #.........   54%         3    ##.....
 Spectral Weapon          Hex/Chrm       #.......     54%         3    ##.....
 Petrify                  Tmut/Erth      #.......     91%         4    ####...
 Metabolic Englaciation   Hex/Ice        #.........   99%         5    #####..
 Yara's Violent Unravell  Hex/Tmut       #.........   99%         5    #####..


Dungeon Overview and Level Annotations

Branches:
Dungeon (10/15)            Temple (0/1) D:6             Orc (0/2) D:9
  Sewer (visited)
   Lair: D:8-11

Altars:
Cheibriados
Okawaru
Trog
Uskayaw
Wu Jian
Beogh

Shops:
D:4 ?==%!   D:8 *!*}?   D:9 (*

Annotations:
D:4 3 runed translucent doors, Jaiteiro's ghost, amateur DrFE
D:9 2 transporters, dannycarnage's ghost, novice SpEn


Innate Abilities, Weirdness & Mutations

You have a beak for a mouth.
You have claws for feet.
You can fly continuously.


Message History

You hit the troll. You burn the troll.
The troll is heavily wounded.
The troll closely misses you. The troll claws you. x2
You hit the troll. You burn the troll.
The troll is heavily wounded.
The troll bites you! The troll barely misses you. The troll claws you.
You are too injured to fight recklessly!
Casting: Call Canine Familiar (safe; 1% risk of failure)
Confirm with . or Enter, or press ? or * to list all spells.
The troll bites you but does no damage. The troll misses you.
The troll claws you!
* * * LOW HITPOINT WARNING * * *
Your wolf bites the troll!
There is a stone staircase leading up here.
You closely miss the troll.
The troll is severely wounded.
Your wolf closely misses the troll.
The troll bites you!
* * * LOW HITPOINT WARNING * * *
The troll claws you but does no damage. The troll claws you!
You die...

......################
#.###.'...##..........
#.))#.###..'..........
###)#.# ####..........
....#.# #..........
####### #.......... ###
###'####### ..# #..####
#'### ##.@T.## ....#
####h.# ....#####
########'## ....'...#
#..<........#
.)..###.####.......h..[#
....#
#....'.............
....#
######............#..
....# #...........## .
##+## ##########'##


You could see a troll and a friendly wolf (summoned).

Vanquished Creatures
  A two-headed ogre (D:9)
  An ugly thing (D:9)
  A hippogriff (D:7)
  4 yaks (D:9)
  Eustachio (D:4)
  A wraith (D:10)
  A wyvern (D:8)
  2 hungry ghosts
  Menkaure (D:6)
  An orc warrior (D:10)
  3 phantoms
  2 black bears
  2 necrophages
  An ogre (D:7)
  2 big kobolds
  Blork the orc (D:4)
  5 bullfrogs
  Dowan (D:6)
  A scorpion (D:7)
  A howler monkey (D:7)
  A jelly (D:8)
  2 crimson imps
  A quasit (D:9)
  An orc priest (D:5)
  2 centaur skeletons
  4 hounds
  Crazy Yiuf (D:4)
  A bullfrog skeleton (D:8)
  A gnoll shaman (D:8)
  3 orc wizards
  4 worker ants
  9 gnolls
  8 adders
  A river rat (Sewer)
  A shadow imp (D:6)
  2 adder zombies
  2 oozes
  A dart slug (D:5)
  8 leopard geckos
  19 orcs
  6 giant cockroaches
  7 hobgoblins
  6 jackals
  3 quokkas
  8 bats
  5 frilled lizards
  7 goblins
  14 kobolds
  A leopard gecko skeleton (D:8)
  9 rats
171 creatures vanquished.

Vanquished Creatures (collateral kills)
  A two-headed ogre (D:9)
  Pikel (D:8)
  A troll (D:9)
  5 yaks (D:9)
  Sigmund (D:6)
  Duvessa (D:6)
  A sky beast (D:8)
  3 slaves (D:8)
  A necrophage (D:7)
  4 ogres
  3 phantoms
  3 centaurs
  A big kobold (D:9)
  A bullfrog (D:8)
  A scorpion (D:6)
  A bullfrog zombie (D:5)
  A centaur zombie (D:9)
  2 jellies
  A hound (D:7)
  3 orc priests
  An orc wizard (D:9)
  An iguana (D:9)
  2 worker ants
  A howler monkey zombie (D:5)
  A worker ant zombie (D:7)
  7 gnolls
  3 adders
  A shadow imp (D:8)
  2 adder zombies
  2 dart slugs (D:1)
  A leopard gecko (D:3)
  7 orcs
  A giant cockroach (D:5)
  4 hobgoblins
  8 jackals
  A quokka (D:5)
  A ball python (D:2)
  A bat (D:2)
  3 goblins
  12 kobolds
  A leopard gecko zombie (D:7)
  A rat (Sewer)
98 creatures vanquished.

Vanquished Creatures (others)
  A bullfrog (D:9)
  A jelly (D:8)
2 creatures vanquished.

Grand Total: 271 creatures vanquished

Notes
Turn   | Place    | Note
-------+----------+-------------------------------------------
     0 | D:1      | Gwenloh the Tengu Summoner began the quest for the Orb.
     0 | D:1      | Reached XP level 1. HP: 10/10 MP: 4/4
   245 | D:1      | Reached skill level 5 in Summonings
   245 | D:1      | Reached XP level 2. HP: 11/16 MP: 6/6
   334 | D:1      | Learned a level 2 spell: Call Imp
   922 | D:1      | Reached skill level 1 in Armour
   933 | D:1      | Reached XP level 3. HP: 20/20 MP: 7/7
   939 | D:1      | Learned a level 3 spell: Call Canine Familiar
   966 | D:1      | Reached skill level 1 in Fighting
  1552 | D:2      | Found a bloodstained altar of Trog.
  1772 | D:2      | Reached XP level 4. HP: 23/25 MP: 1/8
  2469 | D:3      | Found an iron altar of Okawaru.
  2587 | D:3      | Noticed a centaur
  2601 | D:3      | Killed a centaur
  2601 | D:3      | Gained mutation: You can fly continuously. [Tengu growth]
  2601 | D:3      | Reached XP level 5. HP: 10/29 MP: 5/9
  3562 | D:3      | Reached skill level 6 in Summonings
  3727 | D:4      | Noticed a phantom
  3855 | D:4      | Noticed Blork the orc
  3873 | D:4      | Killed Blork the orc
  4056 | D:4      | Reached XP level 6. HP: 13/35 MP: 7/11
  4377 | D:4      | Found a runed translucent gate.
  4377 | D:4      | Noticed Jaiteiro's ghost (amateur DrFE)
  4378 | D:4      | Found a runed translucent gate.
  4378 | D:4      | Found a runed translucent gate.
  4378 | D:4      | Identified the +6 dagger "Owust" {venom, Int+2}
  4380 | D:4      | Found a roughly hewn altar of Beogh.
  4496 | D:4      | Noticed Eustachio
  4741 | D:3      | Upgraded the game from 0.25.0-45-g978344163c to
                  | 0.25.0-46-gbd7b0854d2
  4756 | D:4      | Found Xeschear's Jewellery Emporium.
  4809 | D:4      | Reached skill level 1 in Polearms
  5358 | D:4      | Found Cysocack's Jewellery Shop.
  5422 | D:4      | Killed a phantom
  5843 | D:4      | Found Futot's Distillery.
  5877 | D:4      | Bought a potion of heal wounds for 60 gold pieces
  5877 | D:4      | Bought a potion of cancellation for 96 gold pieces
  6046 | D:4      | Killed Eustachio
  6046 | D:4      | Reached XP level 7. HP: 28/40 MP: 9/12
  6242 | D:4      | Found Seid's Magic Scroll Boutique.
  6252 | D:4      | Bought a scroll of identify for 20 gold pieces
  6344 | D:4      | Found a runed translucent door.
  6345 | D:4      | Noticed Crazy Yiuf
  6428 | D:4      | Found Leiwoack's Food Shop.
  6523 | D:4      | Killed Crazy Yiuf
  6574 | D:5      | Entered Level 5 of the Dungeon
  6712 | D:5      | Found a glowing drain.
  6757 | Sewer    | Entered a sewer
  6771 | Sewer    | Reached skill level 7 in Summonings
  6915 | Sewer    | Found a white marble altar of Elyvilon.
  6983 | Sewer    | Became a worshipper of Elyvilon the Healer
  7426 | D:5      | Learned a level 4 spell: Summon Lightning Spire
  7465 | D:5      | Found a snail-covered altar of Cheibriados.
  7527 | D:5      | Reached XP level 8. HP: 38/46 MP: 10/14
  8094 | D:5      | Found an ornate altar of the Wu Jian Council.
  8273 | D:6      | Reached skill level 1 in Air Magic
  8496 | D:6      | Reached skill level 8 in Summonings
  8773 | D:6      | Reached * piety under Elyvilon
  8863 | D:6      | Noticed Menkaure
  8880 | D:6      | Killed Menkaure
  9091 | D:6      | Noticed Dowan
  9094 | D:6      | Noticed a two-headed ogre
  9096 | D:6      | You fall into a shaft and drop 2 floors!
  9423 | D:6      | Reached XP level 9. HP: 27/52 MP: 12/16
  9577 | D:6      | Elyvilon protects you from harm!
  9581 | D:6      | Elyvilon protects you from harm!
  9587 | D:6      | Noticed Sigmund
  9952 | D:6      | Found a staircase to the Ecumenical Temple.
  9986 | D:6      | Noticed Duvessa
 10010 | D:6      | Killed Sigmund
 10010 | D:6      | Reached skill level 5 in Dodging
 10259 | D:6      | Killed Duvessa
 10259 | D:6      | Reached skill level 5 in Armour
 10692 | D:6      | Reached ** piety under Elyvilon
 10744 | D:6      | Killed Dowan
 10844 | D:6      | Found a bloodstained altar of Trog.
 11089 | D:7      | Reached skill level 9 in Summonings
 11453 | D:7      | Got a sparkling steel amulet
 11455 | D:7      | Identified the amulet "Jor Ulen" {Acrobat +Blink Int+4}
                  | (You found it on level 7 of the Dungeon)
 11581 | D:7      | Learned a level 4 spell: Summon Ice Beast
 12402 | D:8      | Found a hide-covered altar of Uskayaw.
 12701 | D:8      | Noticed Pikel
 12721 | D:8      | Reached XP level 10. HP: 38/58 MP: 13/18
 12726 | D:8      | Killed Pikel
 12887 | D:8      | Found Plog's Gadget Shop.
 12917 | D:8      | Found Voracs's Assorted Antiques.
 12919 | D:8      | Reached *** piety under Elyvilon
 12924 | D:8      | Found Jualenly's Distillery.
 12964 | D:8      | Reached skill level 5 in Spellcasting
 13037 | D:8      | Found Vaihot's Magic Scroll Shoppe.
 13040 | D:8      | Bought a scroll of identify for 22 gold pieces
 13040 | D:8      | Bought a scroll of brand weapon for 220 gold pieces
 13189 | D:8      | Found Pihotyhi's General Store.
 13237 | D:9      | Reached skill level 5 in Fighting
 13413 | D:9      | Reached skill level 10 in Summonings
 13452 | D:9      | Reached skill level 5 in Polearms
 13539 | D:9      | Noticed a two-headed ogre
 13561 | D:9      | Killed a two-headed ogre
 13561 | D:9      | Reached skill level 5 in Air Magic
 13852 | D:9      | Found Yproubby's Assorted Antiques.
 13899 | D:9      | Noticed a white ugly thing
 13900 | D:9      | Noticed a two-headed ogre
 13910 | D:9      | Killed a white ugly thing
 14162 | D:8      | Learned a level 3 spell: Summon Guardian Golem
 14177 | D:9      | Killed a two-headed ogre
 14280 | D:9      | Found Remust's Weapon Shop.
 14387 | D:9      | Found a transporter.
 14390 | D:9      | Noticed dannycarnage's ghost (novice SpEn)
 14392 | D:9      | Found a transporter.
 14392 | D:9      | Noticed a wolf spider
 14600 | D:9      | Found a staircase to the Orcish Mines.
 14667 | D:10     | Entered Level 10 of the Dungeon
 14696 | D:10     | Reached XP level 11. HP: 64/64 MP: 20/20
 14739 | D:10     | Reached skill level 1 in Ice Magic
 14774 | D:10     | Slain by a troll

Illustrated notes

Levels and vault maps discovered:
D:1:      wander_arrival_fairy_ring, layout_basic, minmay_distorted
D:2:      layout_basic, serial_forest, infiniplex_forest_straight_2,
          infiniplex_forest_straight_2, infiniplex_forest_corner_2,
          infiniplex_forest_corner_1, infiniplex_forest_lined_3_way,
          trog_butcher_becter
D:3:      layout_basic, st_stairs_1, okawaru_ov_weapons_minmay
D:4:      layout_basic, biasface_ghost_orc_armoury, serial_shops,
          nicolae_shop_waterfront, shop, nicolae_shop_trees, kennysheep_mini,
          nicolae_shop_waterfront, minmay_misc_feat_pillars,
          uniq_crazy_yiuf_cottage, uniq_eustachio, uniq_blork_the_orc
D:5:      wad_pebble_path, layout_rooms, marbit_many_paths,
          gup_sewer_entry_glass, first_ration, minmay_misc_feat_square,
          kennysheep_slug_shrine
D:6:      layout_loops_ring, minmay_temple_entry_ruins, kennysheep_another_room,
          trog_book, uniq_sigmund, uniq_duvessa, uniq_menkaure
D:7:      wad_river_or_something, layout_loops_ring
D:8:      layout_rooms, nicolae_overflow_crystal_walls, serial_shops,
          nicolae_shop_overgrown_old_shop, shop, shop,
          nicolae_shop_behind_doors, kennysheep_little_box, uniq_pikel
D:9:      layout_cave_pools, orc_0_dummy, serial_shops, shop, shop,
          gammafunk_ghost_arena
D:10:     layout_roguey

Skill      XL: |  1  2  3  4  5  6  7  8  9 10 11 |
---------------+----------------------------------+-----
Summonings     | 5 6 7 8 9 10 | 10.8
Armour         | 1 2 3 4 6 8 |  8.0
Fighting       | 1 2 3 4 5 |  5.6
Dodging        | 3 4 5 6 |  6.6
Polearms       | 1 2 3 4 5 |  5.7
Spellcasting   | 3 4 5 |  5.5
Air Magic      | 2 4 5 |  5.5
Ice Magic      | 1 |  1.0
Stealth        | |  2.0

Action                   |  1- 3 |  4- 6 |  7- 9 | 10-12 || total
-------------------------+-------+-------+-------+-------++-------
Melee: Dagger            |    81 |    54 |       |       ||   135
       Unarmed           |     5 |       |       |       ||     5
       Club              |     4 |       |       |       ||     4
       Kick              |    25 |    31 |    70 |    42 ||   168
       Peck              |     7 |    14 |    55 |    24 ||   100
       Spear             |       |   149 |       |       ||   149
       Trident           |       |       |   432 |   193 ||   625
Throw: Javelin           |       |    12 |       |       ||    12
       Dart              |       |     3 |       |       ||     3
       Throwing net      |       |     1 |       |       ||     1
       Boomerang         |       |       |    20 |    14 ||    34
 Cast: Summon Small Mamm |    10 |     5 |    11 |       ||    26
       Call Imp          |     2 |     3 |       |       ||     5
       Call Canine Famil |     2 |    20 |    40 |    12 ||    74
       Summon Lightning  |       |       |     6 |     9 ||    15
       Summon Guardian G |       |       |       |     2 ||     2
  Use: Scroll            |       |     5 |     6 |     4 ||    15
       Potion            |       |       |     6 |     1 ||     7
 Stab: Sleeping          |     8 |     2 |     2 |       ||    12
       Distracted        |       |     3 |     3 |     2 ||     8
       Held in net/web   |       |     1 |       |       ||     1
  Eat: Chunk             |     3 |    12 |    16 |    10 ||    41
       Ration            |       |     1 |     3 |     1 ||     5
Armor: Robe              |    16 |       |       |       ||    16
       Leather armour    |       |    43 |    32 |       ||    75
       Ring mail         |       |       |    88 |    87 ||   175
Dodge: Dodged            |    58 |   111 |   230 |   149 ||   548
